 Dungeon Crawl Stone Soup version 0.16-a0-4078-g0e80503 (webtiles) character file.

15543 Chiseanne the Unseen (level 12, -7/79 HPs)
             Began as a Spriggan Assassin on Feb 22, 2015.
             Was an Initiate of Gozag.
             Killed from afar by WhatIsLove's ghost (9 damage)
             ... with a magic dart
             ... on level 1 of the Orcish Mines.
             The game lasted 01:03:36 (15949 turns).

Chiseanne the Unseen (Spriggan Assassin)           Turns: 15949, Time: 01:03:36

Health: -7/79      AC:  7    Str: 12    XL:     12   Next: 2%
Magic:  0/21       EV: 34    Int: 14    God:    Gozag
Gold:   1146       SH:  7    Dex: 21    Spells: 0 memorised, 11 levels left

rFire  . . .     SeeInvis +     a - +2 rapier (speed)
rCold  . . .     Clarity  .     v - +2 robe {MR+}
rNeg   . . .     SustAb   .     L - +1 buckler
rPois  .         Gourm    .     p - +1 hat
rElec  .         Spirit   +     K - +1 cloak
rCorr  .         Warding  .     (gloves unavailable)
rMut   .         Stasis   .     (boots unavailable)
MR     +++..                    C - amulet of guardian spirit
Stlth  ..........               y - ring of stealth
                                Z - ring of stealth

@: mighty, berserking (expiring), very quick, extremely resistant to hostile
enchantments, extremely unstealthy
A: unfitting armour, see invisible, herbivore 3, speed 3, slow metabolism 2
a: Potion Petition, Call Merchant, Bribe Branch, Renounce Religion


You were on level 1 of the Orcish Mines.
You worshipped Gozag.
Gozag was noncommittal.
You were not hungry.

You visited 4 branches of the dungeon, and saw 16 of its levels.

You collected 2441 gold pieces.
You spent 569 gold pieces at shops.
You paid 726 gold pieces to Gozag.

Inventory:

Hand weapons
 a - a +2 rapier of speed (weapon)
 d - a +0 falchion of flaming
 f - the +3 short sword of Ru's Vengeance {drain, rC+ rN+ SInv}
   (You found it on level 6 of the Dungeon)

   A truly terrible weapon, it drains the life of those it strikes.
   It protects you from cold.
   It protects you from negative energy.
   It enhances your eyesight.
 s - a +3 dagger of venom
 w - a +4 blowgun
Missiles
 e - 28 poisoned needles
 J - a throwing net (quivered)
 X - 12 curare-tipped needles
 Y - 3 poisoned tomahawks
Armour
 p - a +1 hat (worn)
 v - a +2 robe of magic resistance (worn)
 K - a +1 cloak (worn)
 L - a +1 buckler (worn)
Jewellery
 k - an uncursed ring of protection from cold
 n - an uncursed amulet of resist mutation
 u - an uncursed ring of ice
 y - a ring of stealth (right hand)
 C - an amulet of guardian spirit (around neck)
 O - a +3 ring of strength
 Q - an uncursed ring of positive energy
 S - an uncursed ring of sustain abilities
 Z - a ring of stealth (left hand)
Magical devices
 x - a wand of disintegration (2)
 F - a wand of digging (9)
 U - a wand of teleportation (6)
Scrolls
 b - 2 scrolls of amnesia
 h - 6 scrolls of remove curse
 i - 4 scrolls of magic mapping
 r - 4 scrolls of blinking
 t - 2 scrolls of recharging
 G - 4 scrolls of fear
 I - 4 scrolls of identify
 M - 2 scrolls of teleportation
 R - 3 scrolls of immolation
Potions
 j - 4 potions of restore abilities
 o - 2 potions of agility
 q - a potion of invisibility
 z - a potion of ambrosia
 B - 3 potions of flight
 E - 4 potions of brilliance
 N - a potion of berserk rage
 P - a potion of mutation
 T - a potion of magic
Comestibles
 g - 9 bread rations
 m - 4 royal jellies
 V - 13 fruits
 W - 6 slices of pizza


   Skills:
 - Level 1.5 Fighting
 * Level 9.7 Short Blades
 - Level 2.1 Throwing
 * Level 16.2 Dodging
 * Level 18.9 Stealth


You had 11 spell levels left.
You didn't know any spells.

Dungeon Overview and Level Annotations

Branches:
Dungeon (12/15)            Temple (1/1) D:7            Lair (1/8) D:8
    Orc (2/4) D:10

Altars:
Ashenzari
Cheibriados
Dithmenos
Elyvilon
Fedhas
Gozag
Kikubaaqudgha
Makhleb
Nemelex Xobeh
Okawaru
Qazlal
Ru
Sif Muna
Trog
Vehumet
Yredelemnul
Beogh

Shops:
D:9 *!   D:12 (   Orc:1 [

Annotations:
D:4 Chiseanne's ghost, average DsNe
Orc:1 WhatIsLove's ghost, powerful DgCj


Innate Abilities, Weirdness & Mutations

You are tiny and cannot use many weapons and most armour.
You have supernaturally acute eyesight.
You are a herbivore.
You cover ground extremely quickly.
You need consume almost no food.


Message History

The battlesphere is heavily damaged.
You puncture the battlesphere!
The battlesphere is severely damaged.
WhatIsLove's ghost gestures wildly while chanting.
WhatIsLove's ghost blinks!
Items here: $ ( ) [ 7 gold pieces; a club; a tomahawk; a scale mail You puncture the battlesphere!
The battlesphere is almost destroyed.
WhatIsLove's ghost points at you and mumbles some strange words.
The spray of energy misses you.
The battlesphere fires!
The barrage of energy hits you!
* * * LOW HITPOINT WARNING * * *
You feel a strong urge to attack something.
You hit WhatIsLove's ghost.
WhatIsLove's ghost is severely damaged.
WhatIsLove's ghost gestures at you while chanting.
The magic dart hits you!
You die...
Your body crumbles into a pile of gold.

... ##...). #.## ####..
...## #... #####....##
##.. ##.#...#...# ###
#......##..####
#....#####....## ##
##...ยง.##..*...########.
##>...@W......[.......>
###.$..##....########.
#$$....###.....## ##
#...(..####.....##
#....#..##........###
....(.#..............##
......##......#####.....#
...... ##......##..)##.##
..... #.......#....###


You could see WhatIsLove's ghost.

Vanquished Creatures
  A hydra (D:9)
  The ghost of WhatIsLove the Destroyer, an experienced DgCj (D:10)
  An orc knight (D:10)
  Pikel (D:9)
  2 hill giants
  A cyclops (D:9)
  Joseph (D:11)
  A gargoyle (D:11)
  A fire drake (D:8)
  Sonja (D:12)
  4 two-headed ogres
  2 trolls
  A slime creature (D:12)
  A deep elf mage (D:10)
  12 yaks
  A hungry ghost (D:7)
  Grum (Orc:1)
  2 hippogriffs
  A wraith (D:12)
  4 wolves (Orc:1)
  5 wargs
  8 orc warriors
  An ice beast (D:11)
  A wasp (D:10)
  2 water moccasins
  3 black bears
  3 centaurs
  3 phantoms
  2 ogres
  A brain worm (D:10)
  7 giant frogs
  3 big kobolds (D:9)
  4 scorpions
  A wyvern skeleton (D:9)
  A water moccasin skeleton (D:8)
  5 killer bees (D:8)
  14 wights
  4 crimson imps
  3 goliath beetles
  3 hounds
  3 jellies
  7 orc priests
  A gnoll shaman (D:9)
  8 iguanas
  13 worker ants
  16 orc wizards
  2 giant frog skeletons
  2 sheep (D:9)
  Ijyb (D:5)
  A worker ant zombie (D:9)
  10 adders
  9 gnolls
  3 shadow imps
  A giant mite (D:8)
  3 worms
  An adder zombie (D:9)
  An adder skeleton (D:6)
  5 giant geckos
  59 orcs
  4 giant cockroaches
  17 goblins
  15 hobgoblins
  19 kobolds
  5 quokkas
  13 bats
  3 giant newts
  4 jackals
  8 rats
348 creatures vanquished.

Vanquished Creatures (others)
  2 orcs (D:10)
  A butterfly (D:10)
3 creatures vanquished.

Grand Total: 351 creatures vanquished

Notes
Turn   | Place    | Note
--------------------------------------------------------------
     0 | D:1      | Chiseanne, the Spriggan Assassin, began the quest for the Orb.
     0 | D:1      | Reached XP level 1. HP: 10/10 MP: 2/2
   121 | D:1      | Reached skill level 6 in Stealth
   293 | D:1      | Reached XP level 2. HP: 12/14 MP: 4/4
   917 | D:2      | Reached skill level 7 in Stealth
   936 | D:2      | Reached XP level 3. HP: 18/18 MP: 6/6
  1463 | D:2      | Found a basalt altar of Yredelemnul.
  1790 | D:3      | Reached skill level 8 in Stealth
  1857 | D:3      | Reached XP level 4. HP: 22/22 MP: 8/8
  2214 | D:3      | Found a bloodstained altar of Trog.
  2758 | D:3      | Found a snail-covered altar of Cheibriados.
  3092 | D:3      | Reached XP level 5. HP: 17/25 MP: 10/10
  3276 | D:4      | Noticed Chiseanne's ghost (average DsNe)
  3423 | D:4      | Reached skill level 9 in Stealth
  3755 | D:5      | Entered Level 5 of the Dungeon
  3858 | D:5      | Reached XP level 6. HP: 21/30 MP: 12/12
  4076 | D:5      | Noticed a centaur
  4084 | D:5      | Killed a centaur
  4084 | D:5      | Reached skill level 5 in Dodging
  4084 | D:5      | Reached skill level 10 in Stealth
  4099 | D:5      | Noticed Ijyb
  4114 | D:5      | Killed Ijyb
  4366 | D:5      | Reached XP level 7. HP: 33/33 MP: 14/14
  5154 | D:6      | Reached skill level 11 in Stealth
  5216 | D:6      | Found a deep blue altar of Sif Muna.
  5747 | D:6      | Got a steaming short sword
  5842 | D:6      | Identified the +3 short sword of Ru's Vengeance {drain, rC+ rN+ SInv} (You found it on level 6 of the Dungeon)
  5900 | D:6      | Reached XP level 8. HP: 37/37 MP: 16/16
  6390 | D:6      | Reached skill level 12 in Stealth
  6450 | D:6      | Reached skill level 10 in Dodging
  6627 | D:6      | Reached skill level 5 in Short Blades
  6977 | D:7      | Found a staircase to the Ecumenical Temple.
  6999 | Temple   | Entered the Ecumenical Temple
  7043 | Temple   | Became a worshipper of Gozag Ym Sagoz the Greedy
  7374 | D:7      | Reached XP level 9. HP: 33/41 MP: 15/18
  7630 | D:7      | Reached skill level 13 in Stealth
  7865 | D:8      | Reached skill level 14 in Stealth
  8100 | D:8      | Noticed a fire drake
  8124 | D:8      | Killed a fire drake
  8124 | D:8      | Reached skill level 15 in Stealth
  8249 | D:8      | Found a staircase to the Lair.
  8422 | D:8      | Reached XP level 10. HP: 32/46 MP: 15/19
  8969 | D:9      | Noticed a cyclops
  9102 | Lair:1   | Entered Level 1 of the Lair of Beasts
  9369 | D:9      | Killed a cyclops
  9694 | D:9      | Found Plog's Distillery.
  9710 | D:9      | Bought a potion of berserk rage for 70 gold pieces
  9710 | D:9      | Bought a potion of magic for 112 gold pieces
  9710 | D:9      | Bought a potion of curing for 42 gold pieces
  9710 | D:9      | Bought a potion of curing for 42 gold pieces
  9710 | D:9      | Bought a potion of might for 56 gold pieces
  9904 | D:9      | Reached skill level 16 in Stealth
 10076 | D:9      | Found Pucsosy's Elemental Accessories.
 10089 | D:9      | Noticed Pikel
 10096 | D:9      | Killed Pikel
 10469 | D:9      | Noticed a two-headed hydra
 10484 | D:9      | Killed a one-headed hydra
 10639 | D:10     | Entered Level 10 of the Dungeon
 10868 | D:10     | Found a staircase to the Orcish Mines.
 10926 | D:10     | Reached XP level 11. HP: 42/49 MP: 18/20
 10995 | D:10     | Noticed WhatIsLove's ghost (experienced DgCj)
 11049 | D:10     | Killed WhatIsLove's ghost
 11049 | D:10     | Reached skill level 17 in Stealth
 11120 | D:10     | Noticed a hill giant
 11128 | D:10     | Killed a hill giant
 12122 | D:10     | Reached skill level 15 in Dodging
 12525 | D:11     | Noticed Joseph
 12730 | D:11     | Killed Joseph
 13126 | D:12     | Noticed a hill giant
 13129 | D:12     | Reached skill level 18 in Stealth
 13281 | D:12     | Killed a hill giant
 13459 | D:12     | Found Ruchuduc's Weapon Shoppe.
 13808 | D:12     | Noticed Sonja
 13815 | D:12     | Killed Sonja
 14184 | D:12     | Noticed a tengu warrior
 14480 | Orc:1    | Entered Level 1 of the Orcish Mines
 14480 | Orc:1    | Found Wemn's Armour Shoppe.
 14483 | Orc:1    | Bought a +2 robe of magic resistance for 247 gold pieces
 15320 | Orc:1    | Noticed WhatIsLove's ghost (powerful DgCj)
 15341 | Orc:2    | Found a roughly hewn altar of Beogh.
 15774 | Orc:1    | Noticed Grum
 15807 | Orc:1    | Killed Grum
 15809 | Orc:1    | Reached XP level 12. HP: 45/53 MP: 17/21
 15946 | Orc:1    | HP: 2/79 [battlesphere[WhatIsLove's ghost] (6)]
 15949 | Orc:1    | Killed from afar by WhatIsLove's ghost

Action                   |  1- 3 |  4- 6 |  7- 9 | 10-12 || total
-------------------------+-------+-------+-------+-------++-------
Melee: Dagger            |    65 |   146 |   234 |   522 ||   967
       Rapier            |       |       |   110 |   413 ||   523
       Falchion          |       |       |       |     8 ||     8
 Fire: Blowgun           |    13 |    15 |    32 |    23 ||    83
Throw: Tomahawk          |       |       |     4 |     1 ||     5
Invok: Call Merchant     |       |       |       |     1 ||     1
Evoke: Wand              |       |       |     5 |     7 ||    12
  Use: Scroll            |    12 |     9 |     5 |    10 ||    36
       Potion            |       |       |       |    16 ||    16
 Stab: Sleeping          |    18 |    11 |    21 |    44 ||    94
       Distracted        |       |     2 |     3 |     7 ||    12
       Paralysed         |       |       |     1 |       ||     1
  Eat: Pizza             |       |     3 |     1 |       ||     4
       Royal jelly       |       |       |       |     2 ||     2
       Fruit             |       |       |       |     7 ||     7
